TOP OF THE 1ST |
Wausau Timbers batting - Pitching for Quincy Cubs : RHP Mike L Griffin
|
Pitching: RHP Mike L Griffin
|
|
Batting: SHB Herman Lewis
|
0-0: Ball 1-0: Bunted foul 1-1: Swinging Strike 1-2: Ball 2-2: Strikes out swinging, 2-3 out at first.
|
Batting: LHB Rodney Nealeigh
|
0-0: Called Strike 0-1: Swinging Strike 0-2: Ball 1-2: Ground out 1-3 (Groundball, 34S, EV 68.1 MPH)
|
Batting: RHB Rich Renteria
|
0-0: Hit by Pitch
|
Batting: LHB Tom M Foley
|
0-0: Ball 1-0: Foul Ball, location: 2F 1-1: Ball Rich Renteria is caught stealing 2nd base 2-6
|
Top of the 1st over - 0 runs, 0 hits, 0 errors, 0 left on base; Wausau 0 - Quincy 0 |
BOTTOM OF THE 1ST |
Quincy Cubs batting - Pitching for Wausau Timbers : RHP Brian Buckley
|
Pitching: RHP Brian Buckley
|
|
Batting: RHB Alex Juarez
|
0-0: Ball 1-0: Ball 2-0: Foul Ball, location: 2F 2-1: Ground out 6-3 (Groundball, 6, EV 93.1 MPH)
|
Batting: RHB Jack Ayer
|
0-0: Ball 1-0: Fly out, F9 (Flyball, 9LS, EV 73.1 MPH)
|
Batting: SHB Willie Perez
|
0-0: Ball 1-0: Ball 2-0: Ball 3-0: Base on Balls
|
Batting: RHB Charles Curry
|
0-0: Called Strike 0-1: Foul Ball, location: 2F 0-2: Ball 1-2: Ball 2-2: SINGLE (Groundball, 6MD, EV 103.1 MPH) Willie Perez to second
|
Batting: LHB Dennis Mork
|
0-0: Swinging Strike 0-1: Ball 1-1: Called Strike 1-2: Strikes out looking
|
Bottom of the 1st over - 0 runs, 1 hit, 0 errors, 2 left on base; Wausau 0 - Quincy 0 |
TOP OF THE 2ND |
Wausau Timbers batting - Pitching for Quincy Cubs : RHP Mike L Griffin
|
Batting: LHB Tom M Foley
|
0-0: Called Strike 0-1: Foul Ball, location: 2F 0-2: Foul Ball, location: 2F 0-2: Ball 1-2: Foul Ball, location: 2F 1-2: Ground out U3 (Groundball, 3, EV 85.6 MPH)
|
Batting: RHB Douglas Davis
|
0-0: SINGLE (Groundball, 34D, EV 98.8 MPH)
|
Batting: LHB Ricky Seilheimer
|
0-0: Fly out, F8 (Flyball, 78M, EV 95.0 MPH)
|
Batting: RHB Bruce Chaney
|
0-0: Ball Pickoff Throw to First - Out! 1-3
|
Top of the 2nd over - 0 runs, 1 hit, 0 errors, 0 left on base; Wausau 0 - Quincy 0 |
BOTTOM OF THE 2ND |
Quincy Cubs batting - Pitching for Wausau Timbers : RHP Brian Buckley
|
Batting: RHB Billy Best
|
0-0: Ball 1-0: Ball 2-0: Called Strike 2-1: Ball 3-1: Base on Balls
|
Batting: RHB Garry Keeton
|
0-0: Foul Ball, location: 2F 0-1: SINGLE (Groundball, 6D, EV 103.8 MPH) Billy Best to second
|
Batting: RHB Richard Palmer
|
0-0: Grounds into double play, 5-4-3 (Groundball, 56, EV 83.1 MPH) Billy Best to third
|
Batting: RHB Thomas Walsh
|
0-0: SINGLE (Groundball, 56D, EV 106.3 MPH) Billy Best scores
|
Batting: RHB Alex Juarez
|
0-0: Ball 1-0: Swinging Strike 1-1: Ball 2-1: Foul Ball, location: 2F 2-2: Strikes out swinging
|
Bottom of the 2nd over - 1 run, 2 hits, 0 errors, 1 left on base; Wausau 0 - Quincy 1 |
TOP OF THE 3RD |
Wausau Timbers batting - Pitching for Quincy Cubs : RHP Mike L Griffin
|
Batting: RHB Bruce Chaney
|
0-0: Swinging Strike 0-1: Fly out, F8 (Flyball, 8RM, EV 90.0 MPH)
|
Batting: RHB Jeffrey Young
|
0-0: SINGLE (Groundball, 56D, EV 101.9 MPH)
|
Batting: RHB Isaac Seoanee
|
0-0: Ball 1-0: Ball 2-0: SINGLE (Line Drive, 7S, EV 90.6 MPH) Jeffrey Young to second
|
Batting: SHB Herman Lewis
|
0-0: Called Strike Jeffrey Young is caught stealing 3rd base 2-5 0-1: Called Strike 0-2: Fielders Choice at 2nd, U6 (Groundball, 6M, EV 108.8 MPH)
|
Top of the 3rd over - 0 runs, 2 hits, 0 errors, 1 left on base; Wausau 0 - Quincy 1 |
BOTTOM OF THE 3RD |
Quincy Cubs batting - Pitching for Wausau Timbers : RHP Brian Buckley
|
Batting: RHB Jack Ayer
|
0-0: Called Strike 0-1: Called Strike 0-2: Fly out, F8 (Line Drive, 8RD, EV 101.9 MPH)
|
Batting: SHB Willie Perez
|
0-0: Foul Ball, location: 2F 0-1: SOLO HOME RUN (Line Drive, 89XD, EV 98.8 MPH), Distance : 422 ft
|
Batting: RHB Charles Curry
|
0-0: Called Strike 0-1: Ball 1-1: Swinging Strike 1-2: Foul Ball, location: 2F 1-2: Foul Ball, location: 2F 1-2: Ball 2-2: Foul Ball, location: 2F 2-2: Strikes out swinging
|
Batting: LHB Dennis Mork
|
0-0: Called Strike 0-1: Ball 1-1: Ball 2-1: Swinging Strike 2-2: Ball 3-2: Foul Ball, location: 2F 3-2: Foul Ball, location: 2F 3-2: Ground out 6-3 (Groundball, 6M, EV 88.1 MPH)
|
Bottom of the 3rd over - 1 run, 1 hit, 0 errors, 0 left on base; Wausau 0 - Quincy 2 |
TOP OF THE 4TH |
Wausau Timbers batting - Pitching for Quincy Cubs : RHP Mike L Griffin
|
Batting: LHB Rodney Nealeigh
|
0-0: Fly out, F8 (Line Drive, 8LD, EV 85.0 MPH)
|
Batting: RHB Rich Renteria
|
0-0: Called Strike 0-1: Ground out 5-3 (Groundball, 5L, EV 91.9 MPH)
|
Batting: LHB Tom M Foley
|
0-0: Ball 1-0: Foul Ball, location: 2F 1-1: Swinging Strike 1-2: Fly out, F8 (Flyball, 89M, EV 95.6 MPH)
|
Top of the 4th over - 0 runs, 0 hits, 0 errors, 0 left on base; Wausau 0 - Quincy 2 |
BOTTOM OF THE 4TH |
Quincy Cubs batting - Pitching for Wausau Timbers : RHP Brian Buckley
|
Batting: RHB Billy Best
|
0-0: Called Strike 0-1: Ball 1-1: SOLO HOME RUN (Flyball, 7D, EV 100.0 MPH), Distance : 379 ft
|
Batting: RHB Garry Keeton
|
0-0: Called Strike 0-1: Ground out 1-3 (Groundball, 34S, EV 72.5 MPH)
|
Batting: RHB Richard Palmer
|
0-0: Ball 1-0: Called Strike 1-1: SINGLE (Groundball, 6MD, EV 99.4 MPH)
|
Batting: RHB Thomas Walsh
|
0-0: Called Strike 0-1: Ball 1-1: Called Strike 1-2: Ball 2-2: Foul Ball, location: 2F 2-2: Ball 3-2: Fly out, F7 (Flyball, 7, EV 92.5 MPH)
|
Batting: RHB Alex Juarez
|
0-0: Foul Ball, location: 2F 0-1: Ball 1-1: Ball 2-1: Ball 3-1: Called Strike 3-2: SINGLE (Line Drive, 7S, EV 107.5 MPH) Richard Palmer to second Richard Palmer to third
|
Batting: RHB Jack Ayer
|
0-0: Ground out U3 (Groundball, 3, EV 90.6 MPH)
|
Bottom of the 4th over - 1 run, 3 hits, 0 errors, 2 left on base; Wausau 0 - Quincy 3 |
TOP OF THE 5TH |
Wausau Timbers batting - Pitching for Quincy Cubs : RHP Mike L Griffin
|
Batting: RHB Douglas Davis
|
0-0: Foul Ball, location: 2F 0-1: Ball 1-1: Called Strike 1-2: Fly out, F8 (Line Drive, 8RM, EV 85.0 MPH)
|
Batting: LHB Ricky Seilheimer
|
0-0: Fly out, F5 (Flyball, 5D, EV 94.4 MPH)
|
Batting: RHB Bruce Chaney
|
0-0: Ball 1-0: Ground out 4-3 (Groundball, 4, EV 91.9 MPH)
|
Top of the 5th over - 0 runs, 0 hits, 0 errors, 0 left on base; Wausau 0 - Quincy 3 |
BOTTOM OF THE 5TH |
Quincy Cubs batting - Pitching for Wausau Timbers : RHP Brian Buckley
|
Batting: SHB Willie Perez
|
0-0: Ground out 4-3 (Groundball, 4, EV 108.1 MPH)
|
Batting: RHB Charles Curry
|
0-0: Ball 1-0: Called Strike 1-1: Called Strike 1-2: Strikes out swinging
|
Batting: LHB Dennis Mork
|
0-0: Ball 1-0: Called Strike 1-1: Swinging Strike 1-2: Foul Ball, location: 2F 1-2: Foul Ball, location: 2F 1-2: Foul Ball, location: 2F 1-2: Ball 2-2: Foul Ball, location: 2F 2-2: Foul Ball, location: 2F 2-2: Fly out, F3 (Flyball, 3D, EV 83.8 MPH)
|
Bottom of the 5th over - 0 runs, 0 hits, 0 errors, 0 left on base; Wausau 0 - Quincy 3 |
TOP OF THE 6TH |
Wausau Timbers batting - Pitching for Quincy Cubs : RHP Mike L Griffin
|
Batting: RHB Jeffrey Young
|
0-0: Swinging Strike 0-1: Ball 1-1: Hit by Pitch
|
Batting: RHB Isaac Seoanee
|
0-0: Called Strike 0-1: Ball 1-1: Ball 2-1: Foul Ball, location: 2F 2-2: Ball 3-2: Grounds into double play, 6-4-3 (Groundball, 6, EV 78.8 MPH)
|
Batting: SHB Herman Lewis
|
0-0: Ground out 4-3 (Groundball, 4, EV 104.4 MPH)
|
Top of the 6th over - 0 runs, 0 hits, 0 errors, 0 left on base; Wausau 0 - Quincy 3 |
BOTTOM OF THE 6TH |
Quincy Cubs batting - Pitching for Wausau Timbers : RHP Brian Buckley
|
Batting: RHB Billy Best
|
0-0: Ball 1-0: Called Strike 1-1: Ball 2-1: Foul Ball, location: 2F 2-2: Ground out 6-3 (Groundball, 6, EV 86.3 MPH)
|
Batting: RHB Garry Keeton
|
0-0: Called Strike 0-1: Ball 1-1: Ball 2-1: Ball 3-1: Base on Balls
|
Batting: RHB Richard Palmer
|
0-0: Ball 1-0: Ball 2-0: Called Strike 2-1: Ball 3-1: Base on Balls Garry Keeton to second
|
Batting: RHB Thomas Walsh
|
0-0: Called Strike 0-1: Reached on error, E8 (Flyball, 8RD, EV 95.6 MPH) Garry Keeton scores Richard Palmer to third
|
Batting: RHB Alex Juarez
|
0-0: Ball 1-0: Foul Ball, location: 2F 1-1: Called Strike 1-2: Fly out, F5 (Line Drive, 5, EV 71.3 MPH)
|
Pitching: RHP Alan Holbrook
|
|
Batting: RHB Jack Ayer
|
0-0: Swinging Strike 0-1: Ball 1-1: Ball 2-1: SINGLE (Groundball, 56D, EV 96.9 MPH) Richard Palmer scores Thomas Walsh to third Runner from 3rd tries for Home, SAFE, throw by LF to home
|
Batting: SHB Willie Perez
|
0-0: Ball 1-0: Foul Ball, location: 2F 1-1: Called Strike Jack Ayer steals 2nd base 1-2: Foul Ball, location: 2F 1-2: Ball 2-2: SINGLE (Line Drive, 9S, EV 98.1 MPH) Jack Ayer to third Throwing error, E9 Jack Ayer scores Willie Perez to second
|
Batting: RHB Charles Curry
|
0-0: Swinging Strike 0-1: Swinging Strike 0-2: Ball 1-2: Strikes out swinging
|
Bottom of the 6th over - 4 runs, 2 hits, 2 errors, 1 left on base; Wausau 0 - Quincy 7 |
TOP OF THE 7TH |
Wausau Timbers batting - Pitching for Quincy Cubs : RHP Mike L Griffin
|
Batting: LHB Rodney Nealeigh
|
0-0: Ball 1-0: Swinging Strike 1-1: Ball 2-1: Swinging Strike 2-2: Foul Ball, location: 2F 2-2: Foul Ball, location: 2F 2-2: SINGLE (Groundball, 6D, EV 107.5 MPH)
|
Pinch Hitting: RHB John Nicolo
|
0-0: Grounds into double play, 6-4-3 (Groundball, 6, EV 88.1 MPH)
|
Batting: LHB Tom M Foley
|
0-0: Ground out U3 (Groundball, 3, EV 89.4 MPH)
|
Top of the 7th over - 0 runs, 1 hit, 0 errors, 0 left on base; Wausau 0 - Quincy 7 |
BOTTOM OF THE 7TH |
Quincy Cubs batting - Pitching for Wausau Timbers : RHP Alan Holbrook
|
Now at 2B: John Nicolo
|
|
Pinch Hitting: RHB George Crum
|
0-0: Called Strike 0-1: Swinging Strike 0-2: Ground out 4-3 (Groundball, 4, EV 91.3 MPH)
|
Batting: RHB Billy Best
|
0-0: Foul Ball, location: 2F 0-1: Fly out, F9 (Flyball, 9LM, EV 106.9 MPH)
|
Batting: RHB Garry Keeton
|
0-0: Foul Ball, location: 5F, Error on foul ball, E5 0-1: Ball 1-1: Fly out, F6 (Popup, 6D, EV 66.3 MPH)
|
Bottom of the 7th over - 0 runs, 0 hits, 1 error, 0 left on base; Wausau 0 - Quincy 7 |
TOP OF THE 8TH |
Wausau Timbers batting - Pitching for Quincy Cubs : RHP Mike L Griffin
|
Now in CF: Selwyn Young
|
|
Pinch Hitting: LHB Mark Steenken
|
0-0: Ball 1-0: Foul Ball, location: 2F 1-1: Ball 2-1: SINGLE (Groundball, 34D, EV 96.3 MPH)
|
Batting: LHB Ricky Seilheimer
|
0-0: Ball 1-0: SINGLE (Flyball, 56D, EV 91.3 MPH) Mark Steenken to second
|
Batting: RHB Bruce Chaney
|
0-0: Ball 1-0: Called Strike 1-1: Grounds into double play, 4-6-3 (Groundball, 4, EV 83.8 MPH) Mark Steenken to third
|
Batting: RHB Jeffrey Young
|
0-0: Ball 1-0: Foul Ball, location: 2F 1-1: Foul Ball, location: 2F 1-2: Ball 2-2: Fly out, F4 (Flyball, 34D, EV 88.1 MPH)
|
Top of the 8th over - 0 runs, 2 hits, 0 errors, 1 left on base; Wausau 0 - Quincy 7 |
BOTTOM OF THE 8TH |
Quincy Cubs batting - Pitching for Wausau Timbers : RHP Alan Holbrook
|
Now at 1B: John Pignotti
|
|
Batting: RHB Richard Palmer
|
0-0: Foul Ball, location: 2F 0-1: Fly out, F9 (Flyball, 89S, EV 85.0 MPH)
|
Batting: RHB Thomas Walsh
|
0-0: Called Strike 0-1: Ball 1-1: Foul Ball, location: 2F 1-2: Ground out 5-3 (Groundball, 56, EV 90.6 MPH)
|
Batting: RHB Alex Juarez
|
0-0: Called Strike 0-1: Ball 1-1: Ball 2-1: Called Strike 2-2: Foul Ball, location: 2F 2-2: Foul Ball, location: 2F 2-2: Ball 3-2: Base on Balls
|
Batting: RHB Jack Ayer
|
0-0: Foul Ball, location: 2F 0-1: Foul Ball, location: 2F 0-2: SINGLE (Groundball, 4D, EV 106.3 MPH) Alex Juarez to second
|
Batting: SHB Willie Perez
|
0-0: SINGLE (Groundball, 56D, EV 102.5 MPH) Alex Juarez to third Jack Ayer to second Runner from 3rd tries for Home, SAFE, throw by LF to home
|
Batting: RHB Charles Curry
|
0-0: Ball 1-0: Fielders Choice at 2nd, 5-4 (Groundball, 56, EV 83.8 MPH)
|
Bottom of the 8th over - 1 run, 2 hits, 0 errors, 2 left on base; Wausau 0 - Quincy 8 |
TOP OF THE 9TH |
Wausau Timbers batting - Pitching for Quincy Cubs : RHP Mike L Griffin
|
Batting: RHB Isaac Seoanee
|
0-0: Foul Ball, location: 2F 0-1: Foul Ball, location: 2F 0-2: Ball 1-2: Foul Ball, location: 2F 1-2: Ball 2-2: Foul Ball, location: 2F 2-2: Ground out 3-1 (Groundball, 34, EV 83.1 MPH)
|
Batting: SHB Herman Lewis
|
0-0: Foul Ball, location: 2F 0-1: Ball 1-1: Foul Ball, location: 2F 1-2: Foul Ball, location: 2F 1-2: Foul Ball, location: 2F 1-2: DOUBLE (Line Drive, 8RD, EV 91.3 MPH)
|
Batting: LHB Rodney Nealeigh
|
0-0: 2-RUN HOME RUN (Flyball, 9D, EV 108.1 MPH), Distance : 372 ft
|
Batting: RHB John Nicolo
|
0-0: Ball 1-0: Fly out, F7 (Flyball, 78S, EV 96.9 MPH)
|
Batting: LHB Tom M Foley
|
0-0: Ball 1-0: Foul Ball, location: 2F 1-1: Ball 2-1: Foul Ball, location: 2F 2-2: Ball 3-2: SINGLE (Line Drive, 7S, EV 104.4 MPH)
|
Batting: RHB John Pignotti
|
0-0: Ball 1-0: Ball 2-0: Foul Ball, location: 2F 2-1: Fly out, F7 (Flyball, 7LS, EV 85.6 MPH)
|
Top of the 9th over - 2 runs, 3 hits, 0 errors, 1 left on base; Wausau 2 - Quincy 8 |
|